 Dungeon Crawl Stone Soup version 0.27-a0-1189-gb8eb6cee8e (webtiles) character file.

Game seed: 13226337312784845288

31626 Delamore the Bludgeoner (level 13, -7/91 HPs)
             Began as a Gargoyle Monk on May 23, 2021.
             Was an Elder of Qazlal.
             Mangled by a seven-headed hydra (13 damage)
             ... on level 6 of the Lair of Beasts.
             The game lasted 00:24:23 (22188 turns).

Delamore the Bludgeoner (Gargoyle Monk)            Turns: 22188, Time: 00:24:24

Health: -7/91      AC: 19    Str: 26    XL:     13   Next: 59%
Magic:  0/13       EV: 16    Int: 11    God:    Qazlal [****..]
Gold:   615        SH:  5    Dex: 12    Spells: 12/12 levels left

rFire    . . .     SeeInvis .   J - +3 morningstar
rCold    + . .     Faith    .   (no shield)
rNeg     + . .     Spirit   +   x - +2 leather armour {rC+}
rPois    ∞         Reflect  .   P - +2 hat
rElec    +         Harm     .   (no cloak)
rCorr    .         Rampage  .   m - +0 pair of gloves
Will     .....                  U - +0 pair of boots
Stlth    +.........             c - amulet of guardian spirit
HPRegen  0.25/turn              A - +6 ring of strength
MPRegen  0.13/turn              M - +4 ring of evasion

@: about to teleport, repel missiles
A: sickness immunity, AC +9, negative energy resistance 1, electricity
resistance, torment resistance 1, petrification resistance
a: Renounce Religion, Upheaval, Elemental Force


You were on level 6 of the Lair of Beasts.
You worshipped Qazlal.
Qazlal was greatly pleased with you.
You visited 3 branches of the dungeon, and saw 17 of its levels.
You also visited: Sewer.

You collected 615 gold pieces.

Inventory:

Hand Weapons
 J - a +3 morningstar (weapon)
 V - the +2 whip "Cuntyaj" {flame, rPois Will++ SInv}
   (You found it on level 4 of the Lair of Beasts)

   It has been specially enchanted to burn those struck by it, causing extra
   injury to most foes and up to half again as much damage against particularly
   susceptible opponents.
   It protects you from poison.
   It lets you see invisible.
   It greatly increases your willpower.
Missiles
 d - 38 poisoned darts (quivered)
 j - a curare-tipped dart
Armour
 m - a +0 pair of gloves (worn)
 x - a +2 leather armour of cold resistance (worn)
 B - a +2 tower shield
 P - a +2 hat (worn)
 U - a +0 pair of boots (worn)
Jewellery
 c - an amulet of guardian spirit (around neck)
 A - a +6 ring of strength (left hand)
 C - a ring of positive energy
 G - a +6 ring of intelligence
 M - a +4 ring of evasion (right hand)
 X - a +4 ring of protection
Wands
 n - a wand of digging (12)
 p - a wand of acid (21)
 u - a wand of iceblast (10)
 w - a wand of flame (38)
 z - a wand of polymorph (31)
 O - a wand of paralysis (11)
 Q - a wand of charming (18)
 T - a wand of mindburst (39)
Scrolls
 b - a scroll of enchant armour
 f - 3 scrolls of teleportation
 g - 2 scrolls of vulnerability
 k - a scroll of brand weapon
 t - a scroll of amnesia
 y - 3 scrolls of immolation
 D - a scroll of holy word
 E - 2 scrolls of identify
 I - 2 scrolls of enchant weapon
 L - a scroll of magic mapping
 S - a scroll of fear
 W - 5 scrolls of noise
Potions
 a - 2 potions of degeneration {unknown}
 e - 3 potions of curing
 h - a potion of magic {unknown}
 l - a potion of brilliance {unknown}
 q - 5 potions of flight {unknown}
 r - a potion of berserk rage {unknown}
 s - 3 potions of mutation {unknown}
 v - 2 potions of might {unknown}
 F - a potion of invisibility {unknown}
 H - a potion of haste
 K - a potion of attraction {unknown}
 N - 5 potions of lignification {unknown}
 R - a potion of ambrosia {unknown}


   Skills:
 + Level 14.4 Fighting
 - Level 16.0 Maces & Flails
 - Level 6.0 Throwing
 + Level 5.6 Armour
 - Level 2.4 Dodging
 - Level 2.1 Stealth


You had 12 spell levels left.
You didn't know any spells.
Your spell library contained the following spells:

 Spells                   Type           Power      Damage    Failure   Level
 Summon Small Mammal      Summ           0%         N/A       36%         1
 Call Imp                 Summ           0%         N/A       52%         2
 Static Discharge         Conj/Air       0%         N/A       52%         2
 Call Canine Familiar     Summ           0%         N/A       75%         3
 Summon Guardian Golem    Hex/Summ       0%         N/A       75%         3
 Summon Ice Beast         Ice/Summ       0%         N/A       98%         4
 Summon Lightning Spire   Summ/Air       0%         N/A       98%         4


Dungeon Overview and Level Annotations

Branches:
Dungeon (10/15)            Temple (1/1) D:5            Lair (6/6) D:9
  Swamp (0/4) Lair:4        Snake (0/4) Lair:4        Slime (0/5) Lair:6
  Sewer (visited)
    Orc: D:9-12

Altars:
Ashenzari
Cheibriados
Dithmenos
Elyvilon
Fedhas
Gozag
Hepliaklqana
Kikubaaqudgha
Makhleb
Nemelex Xobeh
Okawaru
Qazlal
Ru
Sif Muna
Trog
Uskayaw
Vehumet
Wu Jian
Xom
Yredelemnul
Zin
The Shining One
Jiyva
Lugonu

Shops:
D:4 (

Annotations:
D:5 2 transporters, anet's ghost, amateur GnWz
Lair:5 exclusion: 2 oklob plants


Innate Abilities, Weirdness & Mutations

You are immune to sickness and miasma.
Your stone body is resilient. (AC +9)
You are immune to poison.
You resist negative energy. (rN+)
You are resistant to electric shocks. (rElec)
You are resistant to unholy torment.
You are immune to petrification.


Message History

The seven-headed hydra misses you.
The seven-headed hydra bites you but does no damage.
The seven-headed hydra barely misses you.
The seven-headed hydra bites you but does no damage.
The yak moves out of view.
You hit the seven-headed hydra.
The seven-headed hydra is severely wounded.
The black mamba bites you!
* * * LOW HITPOINT WARNING * * *
A basilisk comes into view.
The seven-headed hydra bites you but does no damage. x2
The seven-headed hydra barely misses you.
The seven-headed hydra misses you.
The seven-headed hydra completely misses you.
The seven-headed hydra closely misses you.
The seven-headed hydra barely misses you.
As you read the scroll of teleportation, it crumbles to dust.
You feel strangely unstable.
The black mamba bites you but does no damage.
A yak comes into view.
The black mamba closely misses you.
You block the seven-headed hydra's attack. x2
The seven-headed hydra closely misses you.
The seven-headed hydra barely misses you.
The seven-headed hydra bites you!
* * * LOW HITPOINT WARNING * * *
The seven-headed hydra barely misses you.
The seven-headed hydra misses you.
You feel better.
The sentinel's mark upon you fades away.
You block the black mamba's attack.
A hog comes into view.
You block the yak's attack.
The water moccasin bites the bush but does no damage.
You block the black mamba's attack. The seven-headed hydra bites you.
* * * LOW HITPOINT WARNING * * *
You block the seven-headed hydra's attack.
The seven-headed hydra closely misses you.
The seven-headed hydra bites you!
You die...

#......#...##.PPP#
#....#.#†.h#..P...
#.######.<†l#Y. ##..##
#....#Y.##
#P.#.########...#####
##...##.##P###.Y.....#
#....###.....##SY°...#.#
###..........SSSDY......
#..#.P...#.##P@P....PP
###.###.#####PP##.....
### ### #### ...# P#


You could see a seven-headed hydra, 2 black mambas, 5 yaks, a basilisk, a hog
and 2 water moccasins.

Vanquished Creatures
  Rupert (Lair:3)
  Gastronok (Lair:1)
  4 hydras
  Erolcha (D:9)
  4 death yaks (Lair:5)
  A bog body (Lair:4)
  6 elephants (Lair:5)
  A torpor snail (Lair:5)
  3 black mambas
  7 cane toads
  A rime drake (Lair:4)
  2 komodo dragons (Lair:6)
  A troll (D:9)
  A polar bear (Lair:1)
  9 blink frogs
  2 hornets
  5 dream sheep (Lair:6)
  Sigmund (D:4)
  A shadow (D:9)
  A wyvern (Lair:4)
  27 yaks
  3 fire bats (Lair:2)
  A fire elemental (Lair:2)
  4 basilisks
  2 steam dragons
  4 nagas (Lair:4)
  9 water moccasins
  An acid dragon (D:8)
  5 orc warriors
  2 sky beasts
  2 black bears
  A necrophage (D:5)
  5 ogres
  3 centaurs
  A phantom (D:5)
  3 kobold brigands (D:7)
  A wyvern zombie (D:9)
  A gnoll sergeant (D:6)
  14 bullfrogs
  2 scorpions
  13 wights
  A lava snake (Lair:2)
  A bullfrog zombie (D:6)
  3 centaur zombies
  2 hounds
  3 gnoll shamans (D:7)
  A jelly (D:4)
  A bullfrog skeleton (D:5)
  2 orc priests
  Jessica (D:3)
  4 iguanas
  10 orc wizards
  Natasha (twice) (D:2)
  A killer bee zombie (D:7)
  22 gnolls
  6 river rats (Sewer)
  11 adders
  A shadow imp (D:7)
  A white imp (D:5)
  2 ufetubi
  An adder skeleton (D:4)
  A worm (D:2)
  2 dart slugs (D:1)
  21 orcs
  4 endoplasms
  3 giant cockroaches
  7 goblins
  5 hobgoblins
  10 jackals
  2 quokkas
  6 ball pythons
  6 bats
  9 frilled lizards
  7 kobolds
  8 rats
324 creatures vanquished.

Vanquished Creatures (collateral kills)
  A molten gargoyle (Lair:2)
  A wyvern (Lair:1)
  A yak (Lair:1)
3 creatures vanquished.

Vanquished Creatures (others)
  A fire vortex (Lair:2)
  20 fungi
  36 plants
57 creatures vanquished.

Grand Total: 384 creatures vanquished

Notes
Turn   | Place    | Note
-------+----------+-------------------------------------------
     0 | D:1      | Delamore the Gargoyle Monk began the quest for the Orb.
     0 | D:1      | Reached XP level 1. HP: 14/14 MP: 1/1
   257 | D:1      | Reached XP level 2. HP: 11/19 MP: 0/2
  1417 | D:2      | Reached XP level 3. HP: 23/24 MP: 1/3
  1547 | D:2      | Reached skill level 4 in Maces & Flails
  1890 | D:2      | Found a faded altar of an unknown god.
  1919 | D:2      | Noticed Natasha
  1927 | D:2      | Killed Natasha
  1928 | D:2      | Reached XP level 4. HP: 18/29 MP: 2/4
  2831 | D:2      | Noticed Natasha
  2846 | D:2      | Killed Natasha
  2847 | D:2      | Reached XP level 5. HP: 16/34 MP: 3/5
  3112 | D:3      | Noticed Jessica
  3128 | D:3      | Killed Jessica
  3129 | D:3      | Reached skill level 5 in Maces & Flails
  3264 | D:3      | Found a glowing drain.
  3285 | Sewer    | Entered a sewer
  3993 | Sewer    | Reached XP level 6. HP: 31/40 MP: 6/6
  4336 | D:3      | Reached skill level 5 in Fighting
  4909 | D:3      | Reached skill level 6 in Maces & Flails
  5031 | D:3      | Found a basalt altar of Yredelemnul.
  5078 | D:4      | Noticed Sigmund
  5080 | D:4      | Killed Sigmund
  5081 | D:4      | Reached XP level 7. HP: 41/44 MP: 7/7
  5085 | D:4      | Reached skill level 7 in Maces & Flails
  5152 | D:4      | Found a radiant altar of Vehumet.
  5391 | D:4      | Found Foepneqi's Weapon Shoppe.
  5580 | D:4      | You fall into a shaft and drop 1 floor!
  5580 | D:5      | Entered Level 5 of the Dungeon
  5715 | D:5      | Found a bloodstained altar of Trog.
  5729 | D:5      | Reached skill level 8 in Maces & Flails
  5746 | D:5      | Found a shimmering blue altar of Sif Muna.
  5859 | D:5      | Identified Sif Muna's Collected Works on Attacks
  5916 | D:5      | Reached XP level 8. HP: 44/49 MP: 6/8
  5920 | D:5      | Found a staircase to the Ecumenical Temple.
  5947 | Temple   | Entered the Ecumenical Temple
  6047 | Temple   | Became a worshipper of Qazlal Stormbringer
  6047 | Temple   | Reached * piety under Qazlal
  6047 | Temple   | Reached ** piety under Qazlal
  6080 | D:5      | Reached skill level 9 in Maces & Flails
  6337 | D:5      | Found a snail-covered altar of Cheibriados.
  6401 | D:5      | Identified the -5 kite shield "Ufui" {rF+ rC+ rCorr Str-5}
  6409 | D:5      | Found a transporter.
  6608 | D:5      | Reached skill level 10 in Maces & Flails
  6701 | D:5      | Found a hide-covered altar of Uskayaw.
  6844 | D:5      | Found a transporter.
  6855 | D:5      | Noticed anet's ghost (amateur GnWz)
  7061 | D:6      | Found a glowing silver altar of Zin.
  7453 | D:6      | Found a glowing golden altar of the Shining One.
  7453 | D:6      | Found a sparkling altar of Nemelex Xobeh.
  7457 | D:6      | Found a shadowy altar of Dithmenos.
  7458 | D:6      | Found an iron altar of Okawaru.
  8523 | D:7      | Reached skill level 11 in Maces & Flails
  8523 | D:7      | Reached XP level 9. HP: 54/54 MP: 9/9
  8598 | D:7      | Found a white marble altar of Elyvilon.
  9644 | D:7      | Found a sacrificial altar of Ru.
 10027 | D:7      | Reached skill level 12 in Maces & Flails
 10120 | D:7      | Reached *** piety under Qazlal
 10127 | D:7      | Reached skill level 1 in Throwing
 11063 | D:8      | Noticed a hornet
 11075 | D:8      | Killed a hornet
 11076 | D:8      | Reached XP level 10. HP: 29/59 MP: 4/10
 11515 | D:8      | Reached skill level 13 in Maces & Flails
 12642 | D:9      | Reached **** piety under Qazlal
 13300 | D:9      | Found a blossoming altar of Fedhas.
 13364 | D:9      | Noticed Erolcha
 13374 | D:9      | Reached skill level 14 in Maces & Flails
 13374 | D:9      | Reached skill level 5 in Throwing
 13374 | D:9      | Killed Erolcha
 13381 | D:9      | Reached XP level 11. HP: 45/63 MP: 9/11
 13599 | D:9      | Found a staircase to the Lair.
 14129 | D:10     | Entered Level 10 of the Dungeon
 14166 | D:10     | Noticed a two-headed ogre
 14230 | Lair:1   | Entered Level 1 of the Lair of Beasts
 14353 | Lair:1   | Noticed a seven-headed hydra
 14362 | Lair:1   | Killed a seven-headed hydra
 14536 | Lair:1   | Reached skill level 15 in Maces & Flails
 14560 | Lair:1   | You fall into a shaft and drop 1 floor!
 15294 | Lair:1   | Noticed Gastronok
 15620 | Lair:1   | Killed Gastronok
 15621 | Lair:1   | Reached skill level 16 in Maces & Flails
 16508 | Lair:2   | Reached XP level 12. HP: 66/72 MP: 10/12
 17260 | Lair:3   | Noticed Rupert
 17276 | Lair:3   | HP: 1/76 [Rupert/+4 antimagic battleaxe (29)]
 17278 | Lair:3   | Killed Rupert
 17279 | Lair:3   | Reached skill level 10 in Fighting
 17709 | Lair:3   | Noticed an eight-headed hydra
 17719 | Lair:3   | Killed an eight-headed hydra
 18616 | Lair:4   | Found a staircase to the Snake Pit.
 18828 | Lair:4   | Found a staircase to the Swamp.
 18860 | Lair:4   | Identified the +2 whip "Cuntyaj" {flame, rPois Will++ SInv}
 19772 | Lair:5   | HP: 1/82 [yak (8)]
 19776 | Lair:5   | Reached XP level 13. HP: 34/87 MP: 1/13
 20259 | Lair:5   | Reached skill level 1 in Armour
 20657 | Lair:5   | HP: 3/89 [death yak (12)]
 21824 | Lair:6   | Entered Level 6 of the Lair of Beasts
 21844 | Lair:5   | Reached skill level 5 in Armour
 22095 | Lair:6   | Found a staircase to the Slime Pits.
 22096 | Lair:6   | Found a viscous altar of Jiyva.
 22188 | Lair:6   | Mangled by a seven-headed hydra

Illustrated notes

Levels and vault maps discovered:
D:1:      lightli_arrival_statuegarden, layout_loops_corners
D:2:      minmay_recursive_quarters, layout_rooms,
          chequers_ecumenical_altar_simple, hex_large, minmay_misc_feat_hallway,
          uniq_natasha
D:3:      layout_loops_ring, overflow_temple_1_default,
          cheibrodos_sewer_entry_drain, uniq_jessica
D:4:      layout_basic, lemuel_tele_altar, serial_shops, shop, uniq_sigmund
D:5:      layout_rooms, nzn_overflow_gifts_of_might_and_magic,
          lemuel_coloured_pillars_altar, kennysheep_mini_moat,
          minmay_temple_entry_statues_pillars, gammafunk_ghost_gnarly_gnolls,
          minmay_a_box_with_orc_wizards_in_it
D:6:      layout_basic, grunt_temple_overflow_open,
          hangedman_decor_clover_reticule
D:7:      kennysheep_seaside_town, layout_loops_cross,
          nicolae_overflow_hidden_temple, nicolae_elyvilon_peaceful_grove,
          ebering_dispersal_statue_hall, minmay_misc_feat_square,
          chequers_serial_rivers_room_a
D:8:      layout_loops_ring
D:9:      layout_loops_corners, fedhas_ov_isle_minmay,
          grunt_lair_entry_orc_guard_hut, uniq_erolcha
D:10:     layout_loops_ring, grunt_decor_cap, uniq_snorg, uniq_sonja
Temple:   corrupted_temple
Lair:1:   layout_regular_city, portal_ice_cave_entry_pillars_1, uniq_gastronok
Lair:2:   layout_chaotic_city, serial_bayou_shore_a, infiniplex_staircase_pool
Lair:3:   layout_gridlike, uniq_rupert
Lair:4:   layout_loops_ring, skrybe_swamp_entry_bodies,
          minmay_snake_entry_guardpost_small
Lair:5:   layout_regular_city, grunt_megastairs_1, minmay_lair_oklob_chamber
Lair:6:   evil_forest, layout_loops_ring, slime_altar_1, grunt_megastairs_4,
          uniq_kirke

Skill      XL: |  1  2  3  4  5  6  7  8  9 10 11 12 13 |
---------------+----------------------------------------+-----
Maces & Flails | 4 5 6 8 11 12 14 16 | 16.0
Fighting       | 4 5 7 12 14 | 14.4
Throwing       | 3 5 6 |  6.0
Armour         | 5 |  5.6
Dodging        | |  2.4
Stealth        | |  2.1

Action                   |  1- 3 |  4- 6 |  7- 9 | 10-12 | 13-15 || total
-------------------------+-------+-------+-------+-------+-------++-------
Melee: Mace              |   104 |    68 |   324 |   184 |       ||   680
       Club              |       |   158 |    69 |       |       ||   227
       Flail             |       |       |    55 |       |       ||    55
       Morningstar       |       |       |       |   294 |    53 ||   347
       Whip              |       |       |       |   121 |   197 ||   318
Throw: Dart              |       |       |     2 |    21 |       ||    23
Invok: Upheaval          |       |       |     1 |       |       ||     1
Evoke: Wand              |       |     2 |     1 |    14 |       ||    17
  Use: Scroll            |       |     6 |     4 |     8 |     2 ||    20
       Potion            |       |       |     1 |     6 |     2 ||     9
 Stab: Sleeping          |       |     5 |       |       |       ||     5
Armor: Robe              |    33 |    65 |    41 |       |       ||   139
       Leather armour    |       |       |   117 |   217 |    90 ||   424
Dodge: Dodged            |    74 |   157 |   232 |   323 |   121 ||   907
       Repelled          |       |       |       |     3 |       ||     3
Block: Other             |       |       |    55 |    94 |    49 ||   198

Table legend: (Time is in decaauts)
 A = Elapsed time spent in this place.
 B = Non-inter-level travel time spent in this place.
 C = Inter-level travel time spent in this place.
 D = Time resting spent in this place.
 E = Time spent auto-exploring this place.
 F = Levels seen in this place.
 G = Mean time per level.
                   A        B        C        D        E       F      G
               +--------+--------+--------+--------+--------+-----+--------+
         Total |  21969 |  21349 |    620 |   5859 |  12580 |  18 | 1220.5 |
       Dungeon |  13379 |  12950 |    429 |   3383 |   7796 |  10 | 1337.9 |
        Temple |    117 |    102 |     15 |      0 |     96 |   1 |  117.0 |
          Lair |   7620 |   7444 |    176 |   2225 |   4239 |   6 | 1270.0 |
         Sewer |    853 |    853 |      0 |    251 |    447 |   1 |  853.0 |
               +--------+--------+--------+--------+--------+-----+--------+

Top non-repeatable levels by time:
     D:6: 2106 daAuts
  Lair:5: 1881 daAuts
  Lair:2: 1807 daAuts
     D:9: 1765 daAuts
     D:7: 1740 daAuts
     D:2: 1728 daAuts
     D:8: 1696 daAuts
  Lair:4: 1489 daAuts
     D:1: 1419 daAuts
  Lair:1: 1326 daAuts
     D:3: 1151 daAuts
     D:5: 1105 daAuts
  Lair:3: 1000 daAuts
   Sewer: 853 daAuts
     D:4: 616 daAuts
